 Dungeon Crawl Stone Soup version 0.27.0-1-g7a089689b8 (webtiles) character file.

Game seed: 4807580104999016982

11365 mainiacjoe the Covert (level 12, -12/75 HPs)
             Began as a Kobold Earth Elementalist on Aug 7, 2021.
             Was an Elder of Wu Jian.
             Mangled by an orc warrior (19 damage)
             ... led by an orc knight
             ... on level 1 of the Orcish Mines.
             The game lasted 00:42:23 (14175 turns).

mainiacjoe the Covert (Kobold Earth Elementalist)  Turns: 14175, Time: 00:42:24

Health: -12/75     AC:  9    Str: 12    XL:     12   Next: 6%
Magic:  14/15      EV: 22    Int: 32    God:    Wu Jian [****..]
Gold:   473        SH:  5    Dex: 22    Spells: 8/15 levels left

rFire    . . .     SeeInvis .   a - +11 long sword of Noon {flame, rC- Str+4 Stlth+}
rCold    . . .     Faith    .   (shield restricted)
rNeg     . . .     Spirit   .   t - +0 leather armour {rC+}
rPois    .         Reflect  +   l - +1 helmet
rElec    .         Harm     .   g - +0 cloak
rCorr    .         Rampage  .   H - +1 pair of gloves {Stlth+}
Will     ++...                  Q - +0 pair of boots
Stlth    ++++++++..             I - amulet of Liorhoash {Reflect *Slow Will++ Dex+5 SH+5}
HPRegen  0.22/turn              i - +6 ring of intelligence
MPRegen  0.14/turn              s - ring "Ywianadat" {Str+3 Int+6, =R}

@: hasted, very quick
A: small, no large weapons, nightstalker 3
a: Renounce Religion, Wall Jump, Serpent's Lash


You were on level 1 of the Orcish Mines.
You worshipped Wu Jian.
Wu Jian was greatly pleased with you.
You visited 3 branches of the dungeon, and saw 13 of its levels.

You collected 1198 gold pieces.
You spent 725 gold pieces at shops.

Inventory:

Hand Weapons
 a - the +11 long sword of Noon (weapon) {flame, rC- Str+4 Stlth+}
   (You bought it in a shop on level 4 of the Dungeon)

   It burns those it strikes, dealing additional fire damage.
   Big, fiery blades are also staple armaments of hydra-hunters.
   Str:       It affects your strength (+4).
   rC:        It makes you vulnerable to cold.
   Stlth:     It makes you more stealthy.
 b - a +0 dagger of venom
 w - a +0 hunting sling
 R - the +8 quarterstaff of Optimality {holy, rElec rC+ Int+2}
   (You found it on level 10 of the Dungeon)

   It has been blessed by the Shining One to cause great damage to the undead
   and demons.
   Int:       It affects your intelligence (+2).
   rC:        It protects you from cold.
   rElec:     It insulates you from electricity.
Missiles
 c - 227 stones
 e - 12 boomerangs (quivered)
 f - 186 arrows
 h - 74 bolts
 j - 49 sling bullets
 D - 36 poisoned darts
 O - 3 curare-tipped darts {=F}
Armour
 d - a +0 robe
 g - a +0 cloak (worn)
 l - a +1 helmet (worn)
 t - a +0 leather armour of cold resistance (worn)
 v - a +2 pair of gloves
 H - a +1 pair of gloves of stealth (worn)
 Q - a +0 pair of boots (worn)
Jewellery
 i - a +6 ring of intelligence (left hand)
 s - the ring "Ywianadat" (right hand) {Str+3 Int+6, =R}
   (You found it on level 4 of the Dungeon)

   [ring of intelligence]

   Str:       It affects your strength (+3).
   Int:       It affects your intelligence (+6).
 I - the amulet of Liorhoash (around neck) {Reflect *Slow Will++ Dex+5 SH+5}
   (You acquired it on level 9 of the Dungeon)

   [amulet of reflection]

   It reflects blocked missile attacks.
   Dex:       It affects your dexterity (+5).
   *Slow:     It may slow you when you take damage.
   SH:        It affects your SH (+5).
   Will:      It greatly increases your willpower.
Wands
 r - a wand of polymorph (5)
 z - a wand of flame (46)
 M - a wand of iceblast (1)
Scrolls
 p - a scroll of vulnerability
 B - a scroll of amnesia
 E - a scroll of enchant armour
 G - a scroll of immolation
 J - a scroll of torment {unknown}
 L - a scroll of silence
 P - a scroll of identify
Potions
 k - 2 potions of haste
 m - 4 potions of might
 q - a potion of magic
 u - 2 potions of mutation
 y - a potion of curing
 C - a potion of flight
 F - a potion of lignification {unknown}
 K - a potion of degeneration {unknown}
 N - a potion of ambrosia {unknown}


   Skills:
 + Level 8.7 Fighting
 - Level 10.0(11.2) Short Blades
 * Level 5.4(6.8) Long Blades
 + Level 9.9 Dodging
 - Level 10.0 Stealth
 - Level 2.1 Spellcasting
 - Level 6.0 Transmutations
 - Level 6.0 Earth Magic


You had 8 spell levels left.
You knew the following spells:

 Your Spells              Type           Power      Damage    Failure   Level
a - Sandblast             Erth           82%        2d17      1%          1
b - Passwall              Tmut/Erth      34%        N/A       1%          2
c - Petrify               Tmut/Erth      41%        N/A       8%          4

Your spell library contained the following spells:

 Spells                   Type           Power      Damage    Failure   Level
 Sting                    Tmut/Pois      88%        1d7       2%          1
 Stone Arrow              Conj/Erth      44%        3d9       8%          3
 Poisonous Vapours        Pois/Air       6%         N/A       13%         2
 Summon Guardian Golem    Hex/Summ       3%         N/A       26%         3
 Olgreb's Toxic Radiance  Pois           3%         N/A       65%         4
 Orb of Destruction       Conj           1%         N/A       100%        7
 Spellforged Servitor     Conj/Summ      1%         N/A       100%        7


Dungeon Overview and Level Annotations

Branches:
Dungeon (10/15)            Temple (1/1) D:6             Orc (2/2) D:10
    Elf (0/3) Orc:2
   Lair: D:8-11

Altars:
Ashenzari
Cheibriados
Dithmenos
Elyvilon
Fedhas
Gozag
Hepliaklqana
Kikubaaqudgha
Makhleb
Nemelex Xobeh
Okawaru
Qazlal
Ru
Sif Muna
Trog
Uskayaw
Vehumet
Wu Jian
Xom
Yredelemnul
Zin
The Shining One

Shops:
D:4 (   D:5 [

Annotations:
D:6 3 runed translucent doors


Innate Abilities, Weirdness & Mutations

You are small and have problems with some larger weapons.
You are completely attuned to the shadows.


Message History

Your troll barely misses the warg.
You closely miss the orc. You block the warg's attack.
The orc priest completely misses your orc knight.
The ettin hits you with a +0 dire flail!!
* * * LOW HITPOINT WARNING * * *
The ettin closely misses you.
Your orc warrior hits the orc priest with a +0 dire flail!
Your troll bites the warg!
Your troll barely misses the warg.
Your troll closely misses the warg.
Your orc knight barely misses the orc warrior.
Blink to where?
Press: ? - help, Dir - move target, p - orc warrior
As you read the scroll of blinking, it crumbles to dust.
You block the orc warrior's attack.
Your troll bites the warg!
The warg dies!
The Council accepts your kill.
Unknown command.
You slash the orc priest! You burn the orc priest.
You kill the orc priest!
The Council accepts your kill.
The orc no longer looks unusually strong.
The orc knight completely misses your troll.
The orc knight hits something with a +2 broad axe of freezing!
The orc knight freezes something.
The orc hits your troll with a +0 short sword.
Your troll bites the orc knight but does no damage.
Your troll misses the orc knight.
Your troll closely misses the orc knight.
An orc sorcerer comes into view.
It is wielding a +0 dagger and wearing a +2 robe of cold resistance.
Something hits your troll! Something freezes your troll. The orc misses you.
Your troll bites the orc warrior!
The orc warrior dies!
The Council accepts your kill.
The orc warrior no longer looks unusually strong.
An orc warrior comes into view. It is wielding a +0 war axe.
Things that are here:
a +0 whip; a +0 ring mail; an orc corpse You feel yourself speed up.
The orc warrior hits you with a +0 scimitar!!
You die...

o##. ..##.Too...# $..
...C.o.#.^## ...
..##§o.T...#.. ...
##.T.......
.o..C.o..#..
#...ooo......
...ooo....#.. ......
.....oo)##... ......
.....o@..o...
....o.>................
.).)....$......)....).o
..))..........#...>...)
#.)..ooT.............).
##..o..o...............
##..oo#....#...#.###.#
########### #### ##


You could see an ettin, an orc sorcerer, 5 orc warriors, an orc priest (strong),
an orc wizard, 3 orcs and a friendly orc (summoned).

Vanquished Creatures
  A two-headed ogre (D:9)
  An orc high priest (Orc:1)
  Sonja (D:10)
  3 orc sorcerers
  A gargoyle (D:10)
  A troll (Orc:1)
  A hornet (D:8)
  A vampire (D:10)
  10 yaks
  2 wyverns
  A steam dragon (D:7)
  An acid dragon (D:9)
  2 water moccasins (D:7)
  A black bear (D:7)
  A sky beast (D:7)
  2 necrophages
  9 orc warriors
  An ice beast (D:7)
  5 ogres
  6 centaurs
  A phantom (D:5)
  A kobold brigand (D:8)
  3 bullfrogs
  A wyvern zombie (D:6)
  2 scorpions
  2 water moccasin skeletons
  2 wyvern skeletons
  19 wights
  A bullfrog zombie (D:7)
  3 centaur zombies
  A jelly (D:5)
  2 hounds (D:7)
  6 orc priests
  2 gnoll shamans (D:7)
  3 iguanas
  12 orc wizards
  A scorpion zombie (D:5)
  3 killer bee zombies
  5 howler monkey zombies
  4 gnolls (D:5)
  7 adders
  2 white imps (D:7)
  An ufetubus (D:5)
  An adder skeleton (D:4)
  An adder zombie (D:5)
  2 worms
  3 dart slugs
  56 orcs
  9 endoplasms
  3 giant cockroaches
  16 goblins
  2 hobgoblins
  9 jackals
  4 quokkas
  11 ball pythons
  3 bats
  A frilled lizard (D:1)
  10 kobolds
  2 rats (D:2)
268 creatures vanquished.

Vanquished Creatures (collateral kills)
  A warg (Orc:1)
  An orc warrior (Orc:1)
2 creatures vanquished.

Vanquished Creatures (others)
  An orc wizard (Orc:2)
  An orc (Orc:2)
2 creatures vanquished.

Grand Total: 272 creatures vanquished

Notes
Turn   | Place    | Note
-------+----------+-------------------------------------------
     0 | D:1      | mainiacjoe the Kobold Earth Elementalist began the quest
                  | for the Orb.
     0 | D:1      | Reached XP level 1. HP: 10/10 MP: 3/3
   290 | D:1      | Reached XP level 2. HP: 15/15 MP: 5/5
   293 | D:1      | Learned a level 2 spell: Passwall
   368 | D:1      | Found a faded altar of an unknown god.
   796 | D:1      | Reached XP level 3. HP: 19/19 MP: 6/6
  1993 | D:2      | Reached skill level 5 in Stealth
  1993 | D:2      | Reached XP level 4. HP: 24/24 MP: 4/7
  2850 | D:3      | Learned a level 4 spell: Petrify
  3006 | D:3      | Found a sacrificial altar of Ru.
  3498 | D:3      | Found a hazy altar of Hepliaklqana.
  3609 | D:4      | Noticed an ice beast
  3688 | D:4      | Found an opulent altar of Gozag.
  3692 | D:4      | Noticed a bullfrog
  3698 | D:4      | Killed a bullfrog
  3699 | D:4      | Reached XP level 5. HP: 22/28 MP: 4/8
  3867 | D:4      | Identified the ring "Ywianadat" {Str+3 Int+6}
  4515 | D:4      | Found Larebb's Weapon Emporium.
  4640 | D:5      | Entered Level 5 of the Dungeon
  4657 | D:5      | Reached XP level 6. HP: 32/32 MP: 6/9
  4977 | D:5      | Found a shadowy altar of Dithmenos.
  5098 | D:5      | Reached XP level 7. HP: 36/36 MP: 8/10
  5174 | D:5      | Found Boshrafo's Armour Boutique.
  5521 | D:5      | Reached skill level 5 in Earth Magic
  5662 | D:5      | Found a sparkling altar of Nemelex Xobeh.
  5778 | D:5      | Found a basalt altar of Yredelemnul.
  5885 | D:6      | Reached XP level 8. HP: 41/41 MP: 11/11
  6197 | D:6      | Reached skill level 10 in Stealth
  6212 | D:6      | Found a staircase to the Ecumenical Temple.
  6218 | Temple   | Entered the Ecumenical Temple
  6314 | Temple   | Became a worshipper of the Wu Jian Council
  6363 | D:6      | Found a white marble altar of Elyvilon.
  6395 | D:6      | Reached skill level 1 in Short Blades
  6552 | D:6      | Found a runed translucent gate.
  6835 | D:6      | Found a runed translucent gate.
  6836 | D:6      | Found a runed translucent gate.
  7005 | D:6      | Reached skill level 5 in Transmutations
  7205 | D:7      | Reached XP level 9. HP: 45/45 MP: 12/12
  7238 | D:7      | Reached skill level 5 in Short Blades
  7417 | D:7      | Reached * piety under Wu Jian
  7523 | D:7      | Found a shimmering altar of Xom.
  8585 | D:7      | Found a broken altar of Ashenzari.
  8890 | D:7      | Reached skill level 10 in Short Blades
  8890 | D:7      | Reached XP level 10. HP: 50/50 MP: 13/13
  8908 | D:7      | Reached skill level 1 in Fighting
  9404 | D:8      | Paralysed by a hornet for 1 turns
  9614 | D:8      | Found an ancient bone altar of Kikubaaqudgha.
  9624 | D:8      | Reached skill level 5 in Dodging
 10158 | D:8      | Reached skill level 5 in Fighting
 10184 | D:8      | Reached ** piety under Wu Jian
 10540 | D:8      | Found a glowing golden altar of the Shining One.
 10769 | D:9      | Identified a scroll of acquirement
 10770 | D:9      | Acquired 405 gold pieces
 11318 | D:9      | Noticed a two-headed ogre
 11323 | D:9      | Killed a two-headed ogre
 11324 | D:9      | Reached XP level 11. HP: 63/66 MP: 11/14
 11552 | D:4      | Bought the +11 long sword of Noon {flame, rC- Str+4 Stlth+}
                  | for 725 gold pieces
 11783 | D:9      | Acquired the amulet of Liorhoash {Reflect *Slow Will++
                  | Dex+5 SH+5}
 11815 | D:9      | Found a snail-covered altar of Cheibriados.
 12372 | D:10     | Entered Level 10 of the Dungeon
 12412 | D:10     | Reached skill level 1 in Long Blades
 12541 | D:10     | Noticed Sonja
 12551 | D:10     | Killed Sonja
 12767 | D:10     | Identified the +8 quarterstaff of Optimality {holy, rElec
                  | rC+ Int+2}
 12870 | D:10     | Found a staircase to the Orcish Mines.
 13037 | D:10     | Reached *** piety under Wu Jian
 13225 | Orc:1    | Entered Level 1 of the Orcish Mines
 13225 | Orc:1    | Noticed an orc sorcerer
 13235 | Orc:1    | Killed an orc sorcerer
 13253 | Orc:1    | Noticed an orc high priest
 13261 | Orc:1    | Noticed a soul eater
 13265 | Orc:1    | Noticed an ettin
 13323 | Orc:1    | Killed an orc high priest
 13324 | Orc:1    | You fall into a shaft and drop 1 floor!
 13324 | Orc:2    | Entered Level 2 of the Orcish Mines
 13473 | Orc:2    | Noticed an orc sorcerer
 13478 | Orc:2    | Killed an orc sorcerer
 13624 | Orc:2    | Noticed an orc sorcerer
 13638 | Orc:2    | Killed an orc sorcerer
 13639 | Orc:2    | Reached skill level 5 in Long Blades
 13704 | Orc:2    | Reached XP level 12. HP: 52/75 MP: 2/15
 14135 | Orc:2    | Found a staircase to the Elven Halls.
 14173 | Orc:1    | Reached **** piety under Wu Jian
 14175 | Orc:1    | Mangled by an orc warrior

Illustrated notes

Levels and vault maps discovered:
D:1:      tarquinn_simple_flora_water_f, layout_loops_ring,
          hellmonk_ecumenical_altar_inner_sanctum
D:2:      layout_loops_ring, grunt_ministairs_4, minmay_misc_feat_doors
D:3:      layout_loops_corners, mainiacjoe_overflow_catwalk,
          mainiacjoe_overflow_brackets
D:4:      layout_cave_pods, grunt_gozag_statues, serial_shops, shop
D:5:      layout_cave_pools, lemuel_round_altar, grunt_dithmenos_smoke,
          nemelex_spade_bored_becter, serial_shops, nicolae_shop_trees,
          minmay_ogre_servants
D:6:      layout_loops_ring, elyvilon_altar_1, minmay_temple_entry_trees,
          gammafunk_ghost_necromancy
D:7:      minmay_s_stair_smasher, layout_basic,
          mainiacjoe_overflow_cross_hatched, cheibrodos_ashenzari_chains
D:8:      layout_cave_pods, tso_oasis_becter, overflow_temple_1_default,
          kennysheep_crisscross
D:9:      layout_long_grid, kennysheep_slug_shrine, kennysheep_small_square
D:10:     layout_rooms, hiddenorc1_lemuel, uniq_sonja
Temple:   zaba_magenta_temple
Orc:1:    layout_caves, nicolae_specific_store
Orc:2:    st_orc_elflike, layout_caves, ebering_ghost_gozag

Skill      XL: |  1  2  3  4  5  6  7  8  9 10 11 |
---------------+----------------------------------+-----
Stealth        | 3 4 5 6 7 9 10 | 10.0
Earth Magic    | 4 5 6 |  6.0
Transmutations | 2 3 5 6 |  6.0
Short Blades   | 3 10 | 10.0
Fighting       | 6 8 |  8.7
Dodging        | 7 9 |  9.9
Long Blades    | 5 |  5.4
Spellcasting   | |  2.1

Action                   |  1- 3 |  4- 6 |  7- 9 | 10-12 || total
-------------------------+-------+-------+-------+-------++-------
Melee: Unarmed           |     7 |       |       |       ||     7
       Short sword       |    20 |       |    31 |       ||    51
       Dagger            |    41 |    54 |   171 |   207 ||   473
       Long sword        |       |       |       |   123 ||   123
 Fire: Hunting sling     |       |    13 |    26 |     3 ||    42
Throw: Boomerang         |     1 |     1 |     5 |    11 ||    18
 Cast: Sandblast         |    15 |    21 |    16 |       ||    52
       Passwall          |     6 |     6 |     4 |     7 ||    23
       Petrify           |       |       |    11 |    46 ||    57
Invok: Lunge             |       |       |    20 |    38 ||    58
       Whirlwind         |       |       |       |    59 ||    59
Evoke: Wand              |       |       |       |     2 ||     2
  Use: Scroll            |       |     7 |     3 |    19 ||    29
       Potion            |       |       |     1 |     4 ||     5
 Stab: Sleeping          |    18 |    20 |    24 |    29 ||    91
       Petrified         |       |       |     6 |    17 ||    23
       Petrifying        |       |       |     2 |     8 ||    10
Armor: Robe              |     6 |     7 |    66 |    18 ||    97
       Leather armour    |       |       |       |    30 ||    30
Dodge: Dodged            |    43 |    42 |   120 |   209 ||   414
Block: Other             |       |       |       |    27 ||    27
       Reflection        |       |       |       |     1 ||     1
       Rpst.: Long sword |       |       |       |    26 ||    26
